← All builds
Tech / Armada / Economy first / OBSERVED BUILD

Standard tech

Armada Tech (Eco) build order · Supreme Isthmus

Rushes T2 by 4:15, gets Advanced Metal Extractor around 5:28, hands off T2 constructors to Geo and the team, then scales eco and supplies the team's T2 needs through the rest of the game.

Usually first T2 con to Geo (83%)

#eco #t2 #team support · 1579 distinct matches · 255 players · 58% of Armada Tech games · team won 53% of 1874 · Recently observed

HOW TO PLAY IT

Key timing: T2 factory by 4:15

  1. Open 3 mex and heavy wind to fund a fast T2 rush.
  2. Put down Bot Lab, planning to eat it for reclaim soon after.
  3. Get Advanced Bot Lab up, hitting the T2 factory rush timing.
  4. Upgrade mex to Advanced Metal Extractor to lock in team metal income.
  5. Eat Advanced Bot Lab and keep sending cons to Geo and Pond.

Phase by phase

TYPICAL OF ITS 1579 GAMES
  1. 1
  2. 2
  3. 3
  4. 4
PLAY THE OPENING

Follow the example game's first 6:00 step by step: what to build now, what comes next, and where it goes. At 1× it keeps pace with your own game.

  1. 1

    Up to the Bot Lab

    Economy
    • Metal Extractor3Mex
    • Wind Turbine4Wind
    Order
    1. Bot LabBot Lab after 3 mex, 4 winddone ~1:18, middle half 1:13–1:32

    Some games also: energy storage (31%)

    By 1:01 in all: 3 mex · 4 wind

    The example game in this phase · 3 steps
    1. Mex ×3
    2. Wind ×4
    3. Bot LabBot Labdone 1:15 · typical 1:18
  2. 2

    Bot Lab to Advanced Bot Lab

    Economy
    • Metal Extractor1Mex
    • Wind Turbine8Wind
    • Energy Storage1Energy storage
    Order
    1. Advanced Bot LabAdvanced Bot Lab after 4 mex, 12 wind, 3 con turretdone ~4:16, middle half 4:04–4:30
    Builders
    • Construction Turret3 Con turret
    • Lazarus3 Lazarus
    • Construction Bot2 Con bot
    • Construction Bot1 Con bot for allies

    Some games also: converter (36%)

    By 3:18 in all: 4 mex · 12 wind · 1 energy storage · 3 con turret

    The example game in this phase · 19 steps
    1. LazarusLazarus
    2. Wind ×4
    3. LazarusLazarus
    4. Solar
    5. Wind
    6. LazarusLazarus
    7. Wind ×2
    8. Construction BotCon bot
    9. Wind
    10. Construction BotCon botfor Air
    11. LazarusLazarus ×2
    12. Mex
    13. Construction BotCon bot
    14. Wind
    15. Con turret
    16. Bot LabEat Bot Labreclaimed for its metal
    17. Con turret
    18. Wind
    19. Advanced Bot LabAdvanced Bot Labdone 4:46 · typical 4:16
  3. 3

    Advanced Bot Lab to 5:00

    Economy
    • Wind Turbine3Wind
    Order
    1. Bot LabEat Bot Lab
    Builders
    • Advanced Construction Bot1 T2 con bot for allies

    Some games also: converter (35%)

    By 5:00 in all: 4 mex · 15 wind · 1 converter · 1 energy storage · 3 con turret

    The example game in this phase · 9 steps
    1. Energy storage
    2. Converter
    3. Wind
    4. Converter ×2
    5. Con turret
    6. Converter
    7. Wind ×2
    8. Advanced Construction BotT2 con botfor Suicide front
    9. Wind
  4. 4

    5:00 to 10:00

    Economy
    • Wind Turbine43Wind
    • Energy Converter6Converter
    Builders
    • Butler9 Butler
    • Advanced Construction Bot4 T2 con bot for allies
    • Advanced Construction Bot1 T2 con bot

    Some games also: con turret (43%) · Butler for allies (36%)

    By 10:00 in all: 4 mex · 58 wind · 8 converter · 1 energy storage · 3 con turret

    The example game in this phase · 253 steps
    1. Advanced Metal ExtractorT2 mexdone 5:26 · typical 5:29
    2. Wind
    3. Advanced Construction BotT2 con bot
    4. Wind
    5. Advanced Construction BotT2 con botfor Air
    6. Advanced Metal ExtractorT2 mex
    7. Wind
    8. Advanced Construction BotT2 con botfor Pond
    9. Advanced Metal ExtractorT2 mex
    10. Wind
    11. Con turret
    12. Advanced Construction BotT2 con botfor Geo sea
    13. Wind
    14. ButlerButler
    15. Wind
    16. ButlerButler ×4
    17. Advanced Metal ExtractorT2 mex
    18. Wind
    19. ButlerButler ×2
    20. Wind ×4
    21. ButlerButler
    22. Wind ×6
    23. ButlerButler
    24. Wind ×6
    25. ButlerButler
    26. Wind ×7
    27. ButlerButler
    28. Wind ×4
    29. ButlerButler
    30. Wind ×3
    31. Converter
    32. Wind ×3
    33. ButlerButler
    34. Wind
    35. SharpshooterSniper botfor Ponddone 9:24
    36. Wind
    37. Converter
    38. Wind ×3
    39. Converter
    40. Wind ×6
    41. Converter
    42. Wind ×4
    43. Converter
    44. Wind ×6
    45. Converter
    46. Wind ×6
    47. Converter
    48. Wind ×5
    49. SharpshooterSniper botfor Pond
    50. Converter
    51. Wind ×5
    52. Converter
    53. Wind ×6
    54. Converter
    55. Wind ×2
    56. ButlerButler
    57. Wind ×3
    58. Converter
    59. Wind
    60. ButlerButler
    61. Wind ×3
    62. ButlerButler
    63. Wind
    64. Converter
    65. Wind ×6
    66. Converter
    67. Wind ×4
    68. Converter ×2
    69. Wind ×3
    70. Con turret
    71. Wind ×3
    72. Converter ×2
    73. Wind ×2
    74. Con turret
    75. Wind ×2
    76. Fusion ReactorFusiondone 11:29
    77. Wind
    78. Converter
    79. Wind
    80. Converter
    81. Metal storage
    82. Wind ×4
    83. Converter
    84. Wind ×3
    85. Converter
    86. Wind ×2
    87. Con turret
    88. Wind
    89. Converter
    90. Wind ×3
    91. Converter
    92. Wind ×2
    93. Converter
    94. Wind ×4
    95. Converter
    96. Wind
    97. Converter
    98. Wind ×3
    99. Converter
    100. Advanced Bot LabEat Advanced Bot Labreclaimed for its metal
    101. Wind ×3
    102. Converter
    103. Wind ×3
    104. Con turret
    105. Converter
    106. Wind ×3
    107. Converter
    108. Wind
    109. Con turret
    110. Wind ×2
    111. Converter
    112. Wind ×2
    113. Converter
    114. Wind ×3
    115. Converter
    116. Wind ×2
    117. Con turret
    118. Converter
    119. Wind ×3
    120. Converter
    121. Wind ×4
    122. Converter
    123. Wind ×2
    124. Converter
    125. Wind ×4
    126. Converter ×2
    127. Wind ×4
    128. Converter
    129. Wind ×2
    130. Converter
    131. Wind ×4
    132. Converter
    133. Wind ×3
    134. Converter
    135. Wind ×2
    136. Converter
    137. Wind ×2
    138. Converter
    139. Wind ×3
    140. Converter
    141. Wind ×3
    142. T2 converter
    143. Converter
    144. Wind ×3
    145. Converter
    146. T2 converter
    147. Wind ×3
    148. Converter
    149. Wind
    150. T2 converter
    151. Wind
    152. Converter
    153. Wind ×2
    154. Converter
    155. Wind ×3
    156. Converter
    157. Con turret
    158. Advanced Fusion ReactorAdvanced Fusion Reactornot finished by 15:00
    159. Wind ×2
    160. Con turret
    161. Wind
    162. Converter
    163. Wind ×3
    164. Converter
    165. Con turret
    166. Wind ×3
    167. Con turret
    168. Wind
    169. Converter ×2
    170. Wind ×2
    171. Con turret
    172. Wind
    173. Con turret
    174. Wind ×2
    175. Converter
    176. Wind
    177. Con turret
    178. Converter
    179. Wind ×2
    180. Con turret
    181. Wind
    182. Converter
    183. Wind ×4
    184. Converter
    185. Wind ×3
    186. Converter
    187. Wind ×2
    188. Converter
    189. Wind ×3
    190. Converter
    191. Wind
    192. Converter
    193. Wind ×3
    194. Converter
    195. Wind ×3
    196. Con turret
    197. Wind
    198. Con turret
    199. Converter
    200. Wind ×2
    201. Con turret
    202. Wind
    203. Converter
    204. Con turret
    205. Wind ×2
    206. Converter
    207. Con turret
    208. Wind
    209. Con turret
    210. Wind ×3
    211. Converter ×2
    212. Wind ×6
    213. Converter
    214. Wind
    215. Converter
    216. Wind ×4
    217. Converter
    218. Wind ×2
    219. Converter
    220. Wind ×3
    221. Converter ×2
    222. Wind ×7
    223. Converter
    224. Wind ×3
    225. Converter
    226. Wind ×3
    227. Converter
    228. Wind ×3
    229. Converter
    230. Wind ×6
    231. Converter
    232. Wind ×2
    233. Converter
    234. Wind ×3
    235. Converter
    236. Wind ×2
    237. Vehicle PlantVehicle Plantnot finished by 15:00
    238. T2 converter
    239. Wind ×3
    240. Converter ×2
    241. Wind ×3
    242. T2 converter
    243. Wind ×4
    244. Converter ×2
    245. Wind ×4
    246. Converter
    247. Wind ×3
    248. Converter
    249. Wind ×2
    250. Converter
    251. Wind ×3
    252. CitadelAnti-nukenot finished by 15:00
    253. Wind

Counts are medians over the build's games: half of them build more, half fewer. The example game is whitetiger2819's (31 OS, 27/09/2026); pick another.

Team trades

IN AT LEAST 30% OF ITS GAMES

You hand over

  • Construction Bot1 Con bot to Airfirst at 2:23 · in 84% of games
  • Advanced Construction Bot5 T2 con bot to Air or Geo sea or Pondfirst at 4:50 · in 99% of games
  • Butler2 Butler to Geo sea or Beach sea or Pondfirst at 9:07 · in 42% of games

You get

  • Hercules1 Light transport from Airfirst at 4:01 · in 86% of games

How it plays out

Typical game of this build, running totals by minute

Metal produced

020k40k
0:005:0010:0015:00

metal

Enemy metal destroyed

050100
0:005:0010:0015:00

metal

Own metal lost

050100150
0:005:0010:0015:00

metal

1874 games.

Show as table
ByMetal produced: This buildEnemy metal destroyed: This buildOwn metal lost: This build
1:0038300
2:0091500
3:00165100
4:00314400
5:00484700
6:00580000
7:00722700
8:00906100
9:001117300
10:001350300
11:001624200
12:001965600
13:002344500
14:0027362073
15:003154285130
WHAT THE NUMBERS SAY

Standard Tech play barely fights at all early, instead pouring metal into T2 infrastructure and constructors for the team.

  • + Metal produced hits 31679 by 15:00, by far the highest of any role here.
  • + T2 factory reached in 97% of games by 4:15, fastest and most reliable T2 timing.
  • − Enemy metal destroyed stays at 0 through 10:00, no early offense at all.
  • − Own metal lost also near 0, showing total avoidance of combat risk.
THE EXAMPLE YOU ARE READING

whitetiger2819

30.6 OS · 27/09/2026

Open source match ↗

2 received units
4090 metal received · 61921 energy received

Allied construction assistance is unknown. Timings are observations, not a promise of solo reproducibility.

Typical milestones

Bot Lab1:18Middle 50%: 1:13–1:32 · n=1874
Advanced Bot Lab4:16Middle 50%: 4:04–4:30 · n=1867
Advanced Metal Extractor5:29Middle 50%: 5:05–5:59 · n=1870

Played most by

Amrissa93games of this buildTheGeneraI66games of this buildAdeus57games of this buildEl_Turco56games of this buildKOT_43games of this build